 Dungeon Crawl Stone Soup version 0.21-a0-509-gecc5317 (webtiles) character file.

406971 Dawnplanks the Peltast (level 22, -11/214 HPs)
             Began as a Demonspawn Abyssal Knight on Nov 28, 2017.
             Was a High Priest of Lugonu.
             Killed from afar by a deep elf high priest (19 damage)
             ... with damnation
             ... on level 1 of the Abyss on Nov 29, 2017.
             The game lasted 07:13:21 (65176 turns).

Dawnplanks the Peltast (Demonspawn Abyssal Knight) Turns: 65176, Time: 07:13:21

Health: -11/214    AC: 34    Str: 24    XL:     22   Next: 39%
Magic:  0/36       EV: 18    Int: 15    God:    Lugonu [*****.]
Gold:   4137       SH: 30    Dex: 18    Spells: 26/31 levels left

rFire    + + .     SeeInvis .   v - +9 quick blade (distort)
rCold    + . .     Gourm    .   T - +2 large shield {AC+3}
rNeg     . . .     Faith    .   W - +1 chain mail of Elyvilon's Whim {rF+ Regen+}
rPois    +         Spirit   +   (helmet restricted)
rElec    .         Reflect  +   m - scarf {rC+ rF+}
rCorr    .         Harm     .   k - +2 pair of gloves {Dex+3}
MR       +....                  (boots unavailable)
Stlth    ..........             D - +6 amulet of reflection
HPRegen  0.85/turn              V - +3 ring of evasion
MPRegen  0.50/turn              n - +3 ring of protection

@: mighty, sanguine armour, berserk cooldown, very slightly contaminated,
invisible
A: horns 1, talons 3, camouflage 1, blurry vision 1, high mp 1, poison
resistance, powered by pain 3, robust 2, magic shield, magic regeneration, no
potion heal 1, sanguine armour 3
}: 2/15 runes: decaying, gossamer
a: Depart the Abyss, Bend Space, Banish, Corrupt, Enter the Abyss, Renounce
Religion


You were on level 1 of the Abyss.
You worshipped Lugonu.
Lugonu was extremely pleased with you.
You were hungry.

You visited 8 branches of the dungeon, and saw 40 of its levels.
You visited the Abyss 4 times.
You also visited: Sewer, Ice Cave and Wizlab.

You collected 4969 gold pieces.
You spent 832 gold pieces at shops.

Inventory:

Hand Weapons
 v - a +9 quick blade of distortion (weapon)
 G - the +6 scimitar of Monunkyu {slice, Dex+4}
   (You bought it in a shop on level 2 of the Orcish Mines)

   It inflicts extra damage upon your enemies.
   It affects your dexterity (+4).
Armour
 c - a +0 cloak of magic resistance
 k - a +2 pair of gloves of dexterity (worn)
 m - a scarf of resistance (worn)
 T - a +2 large shield of protection (worn)
 W - the +1 chain mail of Elyvilon's Whim (worn) {rF+ Regen+}
   (You found it on level 6 of the Lair of Beasts)

   It protects you from fire.
   It increases your rate of regeneration.
 X - a +2 helmet of intelligence
 Z - the +2 scale mail of Card Tricks {rPois rC+}
   (You bought it in a shop on level 2 of the Orcish Mines)

   It protects you from cold.
   It protects you from poison.
Jewellery
 n - a +3 ring of protection (right hand)
 o - the ring "Joskim" {Fire -Tele MR+ Str+4 Int+4}
   (You found it on level 2 of the Elven Halls)

   [ring of fire]

   It enhances your fire magic.
   It affects your strength (+4).
   It affects your intelligence (+4).
   It protects you from fire.
   It makes you vulnerable to cold.
   It affects your resistance to hostile enchantments.
   It prevents most forms of teleportation.
 x - an uncursed ring of positive energy
 C - an uncursed ring of ice
 D - a +6 amulet of reflection (around neck)
 N - an uncursed ring of see invisible
 U - an uncursed ring of protection from fire
 V - a +3 ring of evasion (left hand)
Wands
 b - a wand of flame (62)
 f - a wand of digging (46)
 j - a wand of disintegration (48)
 t - a wand of enslavement (34)
 y - a wand of iceblast (28)
 z - a wand of acid (24)
 B - a wand of scattershot (9)
 H - a wand of clouds (18)
 P - a wand of paralysis (34)
Scrolls
 e - a scroll of blinking
 h - 4 scrolls of teleportation
 p - a scroll of silence
 q - 20 scrolls of remove curse
 s - 2 scrolls of amnesia
 w - 4 scrolls of brand weapon
 E - 7 scrolls of enchant weapon
 K - 3 scrolls of enchant armour
 L - 5 scrolls of fog
 O - 4 scrolls of fear
Potions
 a - 2 potions of resistance
 d - 2 potions of invisibility
 g - 4 potions of curing
 l - 4 potions of agility
 u - 4 potions of cancellation
 A - 3 potions of mutation
 J - a potion of berserk rage
 M - a potion of might
 S - 3 potions of haste
Books
 I - a book of Frost

   Spells                             Type                      Level
   a - Freeze                         Ice                          1
   b - Throw Frost                    Conjuration/Ice              2
   c - Ozocubu's Armour               Charms/Ice                   3
   d - Throw Icicle                   Conjuration/Ice              4
   e - Summon Ice Beast               Ice/Summoning                4
Miscellaneous
 Q - a lightning rod (4/4)
 R - a lamp of fire
 Y - a phantom mirror
Comestibles
 i - 18 meat rations
 r - 18 royal jellies
 F - 9 fruits


   Skills:
 + Level 16.4 Fighting
 + Level 7.1(12.9) Short Blades
 + Level 16.4(16.9) Long Blades
   Level 5.2 Maces & Flails
 + Level 12.0 Armour
 + Level 12.0 Dodging
 + Level 17.2 Shields
 - Level 5.0 Spellcasting
 - Level 4.0 Charms
 - Level 5.0 Necromancy
 - Level 10.0 Invocations
 - Level 15.4 Evocations


You had 26 spell levels left.
You knew the following spells:

 Your Spells              Type           Power        Failure   Level  Hunger
a - Regeneration          Chrm/Necr      ###.......   71%         3    ###....
b - Song of Slaying       Chrm           ###.....     54%         2    ##.....


Dungeon Overview and Level Annotations

Branches:
Dungeon (15/15)            Temple (1/1) D:4            Lair (6/6) D:8
  Swamp (4/4) Lair:3       Spider (4/4) Lair:2        Slime (0/5) Lair:5
    Orc (2/2) D:10            Elf (3/3) Orc:2        Vaults (4/5) D:13
  Crypt (0/3) Vaults:2     Depths (0/5) D:15

Altars:
Ashenzari
Cheibriados
Dithmenos
Elyvilon
Fedhas
Gozag
Hepliaklqana
Kikubaaqudgha
Makhleb
Nemelex Xobeh
Okawaru
Qazlal
Ru
Sif Muna
Trog
Uskayaw
Vehumet
Wu Jian
Xom
Yredelemnul
Zin
The Shining One

Shops:
D:8 :   D:10 [   D:14 :   Orc:2 *[((   Vaults:1 *   Vaults:2 (   Vaults:4 [

Portals:
Trove: Vaults:1 (give 14 potions of heal wounds)


Innate Abilities, Weirdness & Mutations

You have claws for feet.
You are powered by pain.
You are very robust. (+20% HP)
When hurt, damage is shared between your health and your magic reserves.
You regenerate magic rapidly.
When seriously injured, your bleeding wounds create very thick armour. (AC +12)
You have a pair of small horns on your head.
Your skin changes colour to match your surroundings (Stealth+).
Scrolls take you a little longer to read.
You have an increased reservoir of magic. (+10% MP)
Your system is resistant to poisons. (rPois)
Potions are less effective at restoring your health.


Message History

Okay, then.
You're still recovering from your berserk rage.
You fade into invisibility!
The sentinel's mark upon you fades away.
You block the starspawn tentacle's attack.
The deep elf high priest mumbles some strange prayers to its god against you.
The sphere of damnation explodes!
The damnation engulfs you!
* * * LOW HITPOINT WARNING * * *
You focus on the pain.
You feel very mighty all of a sudden.
The damnation engulfs the starspawn tentacle.
You are very lightly contaminated with residual magic.
A sixfirhy and a large abomination come into view.
You block the starspawn tentacle's attack.
The deep elf high priest prays.
You hear a grinding noise.
You hear a grinding noise.
The deep elf high priest invokes the aid of its god against you.
The sphere of damnation explodes!
The damnation engulfs you!
You die...

.│#X....... ..
#│#X.......... #
##│#.........## #
..##.│...........
.#......w............
#...###....1.)...# .#
...........∩∩......#
.............∩.....#
#.....@.3.∩∩........
#..................#
##$..##........###.
#.... ......e.... .
#..#. ...#X...#....
.. ......#....#.... #
............# .. ...
#........#


You could see a Hell Sentinel, a tentacled starspawn, a deep elf high priest, a
large abomination (wandering), a sixfirhy and a starspawn tentacle.

Vanquished Creatures
  Mara (Spider:2)
  Nikola (Elf:2)
  Arachne (Spider:3)
  Jorgrun (Spider:4)
  A Cloud Mage (WizLab)
  Rupert (Lair:4)
  A titan (Vaults:5)
  3 deep elf master archers (Elf:3)
  2 deep elf blademasters (Elf:3)
  2 sphinxes
  Frances (Spider:1)
  2 thorn hunters
  Donald (Elf:1)
  A tengu reaver (Vaults:2)
  The ghost of Ultraviolent4 the Brawler, a journeyman MiTm of Wu Jian (Swamp:2)
  A fire giant (Vaults:4)
  3 ghost moths
  14 vault wardens
  Louise (Spider:3)
  5 deep elf sorcerers
  2 frost giants (Vaults:2)
  7 emperor scorpions
  5 deep elf elementalists (Elf:3)
  10 ironheart preservers
  A very ugly thing (Swamp:3)
  A war gargoyle (Vaults:2)
  8 stone giants
  6 entropy weavers
  A vampire knight (Vaults:2)
  2 large abominations (Elf:3)
  7 deep elf demonologists (Elf:3)
  Azrael (Spider:2)
  A dire elephant (D:14)
  5 deep elf annihilators
  Snorg (D:14)
  6 spark wasps
  An eidolon (Vaults:3)
  2 ettins
  5 blizzard demons
  Josephine (D:14)
  5 deep elf high priests (Elf:3)
  A fire dragon (Vaults:1)
  16 ogre magi
  3 great orbs of eyes
  3 deep elf death magi (Elf:3)
  9 yaktaur captains
  3 ice dragons
  23 hydras
  22 vault guards
  2 spriggan air magi (WizLab)
  2 rakshasas
  A ghost crab (Swamp:4)
  2 catoblepae
  6 centaur warriors
  Erica (Lair:1)
  61 two-headed ogres
  3 tengu warriors
  A two-headed ogre (shapeshifter) (Vaults:4)
  5 alligators
  A deep troll earth mage (Vaults:3)
  A deep troll shaman (Vaults:5)
  4 death yaks (Lair:5)
  19 dancing weapons
  Urug (Lair:5)
  A thrashing horror (Abyss:1)
  4 shock serpents (WizLab)
  13 deep elf knights
  2 death drakes (WizLab)
  A wretched star (Abyss:1)
  3 fire crabs
  7 swamp dragons
  2 unseen horrors
  9 deep trolls
  The ghost of Dawnplanks the Geomancer, a novice GrEE of Vehumet (D:7)
  3 spriggan druids
  10 ironbrand convokers
  4 wizards
  11 deep elf archers
  A lindwurm (Vaults:3)
  A shambling mangrove (Swamp:4)
  A glowing orange brain (Vaults:3)
  A harpy (shapeshifter) (Vaults:2)
  3 harpies (Vaults:4)
  A necromancer (Vaults:2)
  6 oklob plants
  A wolf spider zombie (D:15)
  3 orc sorcerers
  28 wolf spiders
  45 deep elf magi
  10 orc knights
  24 ugly things
  18 orb spiders
  11 slime creatures
  A moth of wrath (Spider:3)
  7 cyclopes
  A manticore (D:13)
  A salamander (D:15)
  4 apocalypse crabs (WizLab)
  A sphinx skeleton (Vaults:2)
  14 elephants
  A black mamba (shapeshifter) (Vaults:2)
  An ice statue (IceCv)
  16 vault sentinels
  3 naga magi (Vaults:3)
  5 black mambas
  4 gargoyles
  A torpor snail (Lair:4)
  2 molten gargoyles (Vaults:3)
  5 komodo dragons
  35 spiny frogs
  6 freezing wraiths
  3 rime drakes
  25 yaktaurs
  5 anaconda simulacra (IceCv)
  2 kobold demonologists (D:14)
  2 golden dragon simulacra (IceCv)
  6 ice devils (IceCv)
  An ancient zyme (Abyss:1)
  21 demonic crawlers
  A polar bear (Lair:6)
  A queen bee (Lair:4)
  45 jumping spiders
  18 hornets
  4 trolls
  9 tyrant leeches
  3 meliai (Lair:4)
  3 raiju (Abyss:1)
  A wind drake (WizLab)
  Grinder (D:3)
  8 dream sheep
  A harpy skeleton (D:14)
  32 blink frogs
  18 hippogriffs
  5 bog bodies
  2 hippogriffs (shapeshifter)
  9 air elementals (WizLab)
  4 vampires
  66 redbacks
  3 shadows
  The ghost of mad the Conjurer, an amateur TeVM of Vehumet (Sewer)
  8 wraiths
  50 yaks
  2 dire elephant simulacra (IceCv)
  A spriggan (shapeshifter) (D:15)
  10 spriggans
  A water elemental (Elf:3)
  18 tarantellas
  8 wyverns
  2 basilisks
  2 humans
  2 golden eyes (Vaults:3)
  6 fire elementals
  2 hogs (Lair:5)
  A neqoxec (Abyss:3)
  3 hungry ghosts
  4 steam dragons
  A death yak simulacrum (IceCv)
  29 vampire mosquitoes
  A redback simulacrum (D:14)
  3 iron troll simulacra (IceCv)
  An acid dragon (Vaults:2)
  23 swamp worms
  2 harpy simulacra (IceCv)
  3 wargs
  5 hydra simulacra (IceCv)
  10 porcupines
  10 water moccasins
  12 swamp drakes
  7 hell hounds
  An alligator simulacrum (IceCv)
  27 orc warriors
  6 ice beasts
  5 sky beasts
  2 black bears
  3 eyes of draining
  2 phantoms
  2 necrophages
  59 ogres
  4 boggarts (Vaults:2)
  A human zombie (Vaults:2)
  13 wolves
  19 centaurs
  16 crocodiles
  5 big kobolds
  30 bullfrogs
  2 gnoll sergeants
  2 earth elementals
  A wyvern zombie (D:11)
  A glowing shapeshifter simulacrum (Vaults:2)
  5 scorpions
  2 water moccasin skeletons
  30 killer bees
  10 electric eels
  14 howler monkeys
  6 crimson imps
  A bullfrog zombie (D:11)
  A small abomination (Abyss:1)
  A lava snake (Vaults:3)
  3 quasits
  5 centaur zombies
  3 draconian simulacra (IceCv)
  4 jellies
  5 hounds
  A bullfrog skeleton (D:13)
  9 orc priests
  12 orc wizards
  5 centaur skeletons
  8 iguanas
  4 worker ants
  A hell rat (Lair:4)
  A polar bear simulacrum (IceCv)
  3 spriggan simulacra (IceCv)
  A troll simulacrum (IceCv)
  A centaur simulacrum (IceCv)
  A howler monkey skeleton (D:7)
  A worker ant zombie (D:11)
  16 adders
  11 gnolls
  4 naga simulacra (IceCv)
  4 ogre simulacra (IceCv)
  4 shadow imps
  5 white imps
  6 ufetubi (IceCv)
  3 oozes
  An adder skeleton (D:7)
  A worm (D:2)
  6 dart slugs
  3 leopard geckos
  63 orcs
  5 giant cockroaches
  5 goblins
  7 hobgoblins
  4 jackals (D:11)
  3 quokkas
  5 ball pythons
  6 bats
  6 frilled lizards
  31 kobolds
  A leopard gecko skeleton (D:6)
  A quokka zombie (D:8)
  6 rats
  A spectral orc (D:8)
  2 crawling corpses (Elf:3)
  6 plants (Lair:2)
1727 creatures vanquished.

Vanquished Creatures (collateral kills)
  Saint Roka (Elf:2)
  An earth elemental (Elf:2)
2 creatures vanquished.

Vanquished Creatures (others)
  A deep elf master archer (Elf:3)
  A sphinx (Vaults:4)
  Kirke (Lair:5)
  A deep elf death mage (Elf:3)
  A blizzard demon (WizLab)
  A yaktaur captain (Vaults:4)
  6 vault guards (Vaults:4)
  A two-headed ogre (Vaults:4)
  2 dancing weapons (Elf:1)
  5 centaur warriors
  5 deep elf knights
  A small abomination (Elf:3)
  An ironbrand convoker (Vaults:1)
  A lindwurm (Vaults:3)
  3 deep elf archers
  A phantasmal warrior (Vaults:4)
  3 orc knights (Vaults:4)
  2 harpies (Vaults:4)
  A wolf spider (Vaults:4)
  6 deep elf magi
  2 cyclopes
  A water nymph (shapeshifter) (Elf:3)
  A guardian serpent (shapeshifter) (Vaults:4)
  An apocalypse crab (WizLab)
  6 yaktaurs
  An air elemental (Elf:2)
  A vampire (Vaults:2)
  2 orc warriors
  A boggart (Vaults:2)
  3 centaurs
  An earth elemental (Elf:2)
  4 orc wizards
  An orc (Vaults:4)
  A kobold (Sewer)
  2 briar patches (Swamp:4)
  26 fungi
  64 plants
  3 starspawn tentacles (Abyss:1)
165 creatures vanquished.

Grand Total: 1894 creatures vanquished

Notes
Turn   | Place    | Note
-------+----------+-------------------------------------------
     0 | Abyss:1  | Dawnplanks the Demonspawn Abyssal Knight began the quest for the Orb.
     0 | Abyss:1  | Reached XP level 1. HP: 18/18 MP: 2/2
    21 | Abyss:1  | Noticed a tentacled monstrosity
    22 | D:1      | Escaped the Abyss
   354 | D:1      | Gained mutation: You have sharp toenails. [demonic ancestry]
   354 | D:1      | Reached XP level 2. HP: 20/24 MP: 3/3
   456 | D:1      | Reached * piety under Lugonu
   768 | D:1      | Gained mutation: When seriously injured, your bleeding wounds create armour. (AC +12) [demonic ancestry]
   768 | D:1      | Reached XP level 3. HP: 29/29 MP: 4/4
  1053 | D:2      | Reached skill level 1 in Dodging
  1662 | D:2      | Gained mutation: You have razor-sharp toenails. [demonic ancestry]
  1662 | D:2      | Reached XP level 4. HP: 14/37 MP: 5/5
  2112 | D:3      | Noticed Grinder
  2787 | D:4      | Found a glowing drain.
  2798 | D:4      | Reached ** piety under Lugonu
  2810 | Sewer    | Entered a sewer
  2825 | Sewer    | Noticed mad's ghost (amateur TeVM)
  2837 | Sewer    | Noticed a big kobold
  2856 | Sewer    | Killed mad's ghost
  2856 | Sewer    | Gained mutation: When seriously injured, your bleeding wounds create thick armour. (AC +12) [demonic ancestry]
  2856 | Sewer    | Reached XP level 5. HP: 19/42 MP: 6/6
  2856 | Sewer    | Reached XP level 6. HP: 21/48 MP: 7/7
  3503 | D:4      | Reached XP level 7. HP: 52/55 MP: 9/9
  3632 | D:4      | Reached skill level 5 in Maces & Flails
  4195 | D:4      | Found a staircase to the Ecumenical Temple.
  4291 | D:4      | Reached skill level 1 in Long Blades
  4504 | D:4      | Reached skill level 5 in Fighting
  4826 | D:5      | Entered Level 5 of the Dungeon
  4826 | D:5      | Found a sparkling altar of Nemelex Xobeh.
  5043 | D:5      | Gained mutation: You sometimes gain a little power by taking damage. [demonic ancestry]
  5043 | D:5      | Reached XP level 8. HP: 30/62 MP: 10/10
  5591 | D:5      | Reached *** piety under Lugonu
  6034 | D:5      | Found a bloodstained altar of Trog.
  6257 | D:6      | Found a hazy altar of Hepliaklqana.
  6387 | D:6      | Got a bloodstained leather armour
  6398 | D:6      | Identified the cursed +1 leather armour "Liec" {rF+ rN+ Regen+} (You found it on level 6 of the Dungeon)
  6898 | D:7      | Reached skill level 5 in Long Blades
  7064 | D:7      | Noticed Dawnplanks's ghost (novice GrEE)
  7088 | D:7      | Killed Dawnplanks's ghost
  7088 | D:7      | Gained mutation: When hurt, damage is shared between your health and your magic reserves. [demonic ancestry]
  7088 | D:7      | Reached XP level 9. HP: 22/69 MP: 11/11
  7667 | D:7      | Identified the Guide on the Dislocated Glacier
  7782 | D:7      | Found a blossoming altar of Fedhas.
  8055 | D:8      | Noticed a komodo dragon
  8056 | D:8      | Found a staircase to the Lair.
  8066 | D:8      | Killed a komodo dragon
  8245 | D:8      | Noticed a two-headed ogre
  8513 | D:8      | Killed a two-headed ogre
  8513 | D:8      | Reached skill level 5 in Armour
  8513 | D:8      | Gained mutation: You sometimes gain power by taking damage. [demonic ancestry]
  8513 | D:8      | Reached XP level 10. HP: 30/77 MP: 9/12
  8719 | D:8      | Noticed a two-headed ogre
  8732 | D:8      | Reached **** piety under Lugonu
  8732 | D:8      | Killed a two-headed ogre
  8732 | D:8      | Reached skill level 5 in Dodging
  8919 | D:8      | Found an ornate altar of the Wu Jian Council.
  9020 | D:8      | Found a bloodstained altar of Trog.
  9034 | D:8      | Found Vaatsoer's Book Boutique.
  9292 | D:8      | Found a basalt altar of Yredelemnul.
  9414 | Lair:1   | Entered Level 1 of the Lair of Beasts
  9414 | Lair:1   | Noticed Erica
  9414 | Lair:1   | Noticed a spiny frog
  9435 | D:8      | Killed a spiny frog
  9435 | D:8      | Reached skill level 10 in Long Blades
  9652 | Lair:1   | Noticed a spiny frog
  9724 | D:8      | Killed a spiny frog
  9892 | Lair:1   | Killed Erica
  9968 | Lair:1   | Noticed a spiny frog
  9983 | Lair:1   | Killed a spiny frog
  9983 | Lair:1   | Reached XP level 11. HP: 86/86 MP: 14/14
 10021 | Lair:1   | Reached skill level 5 in Invocations
 10221 | D:9      | Noticed a two-headed ogre
 10228 | D:9      | Killed a two-headed ogre
 10305 | D:9      | Reached ***** piety under Lugonu
 10317 | D:9      | Found a glowing golden altar of the Shining One.
 10319 | D:9      | Found an ancient bone altar of Kikubaaqudgha.
 10319 | D:9      | Found a white marble altar of Elyvilon.
 10320 | D:9      | Found a shattered altar of Ashenzari.
 10320 | D:9      | Found a deep blue altar of Sif Muna.
 10339 | D:9      | Found an iron altar of Okawaru.
 10693 | D:10     | Entered Level 10 of the Dungeon
 10920 | D:10     | Found a staircase to the Orcish Mines.
 10956 | D:10     | Found Gumelas's Antique Armour Emporium.
 10968 | D:10     | Bought a pair of gloves for 121 gold pieces
 13569 | Lair:2   | Reached XP level 12. HP: 94/94 MP: 17/17
 13593 | Lair:2   | Found a hole to the Spider Nest.
 14357 | Lair:3   | Found a staircase to the Swamp.
 15508 | Lair:4   | Reached skill level 10 in Fighting
 15548 | Lair:4   | Noticed a five-headed hydra
 15567 | Lair:4   | Killed a two-headed hydra
 15567 | Lair:4   | Reached ****** piety under Lugonu
 15928 | Lair:4   | Reached XP level 13. HP: 62/103 MP: 17/20
 16292 | Lair:4   | Reached skill level 10 in Invocations
 16292 | Lair:4   | Reached skill level 1 in Evocations
 16671 | Lair:5   | Noticed Rupert
 16681 | Lair:5   | Paralysed by Rupert for 4 turns
 16708 | Lair:4   | Killed Rupert
 16708 | Lair:4   | Reached skill level 1 in Shields
 16978 | Lair:5   | Found a staircase to the Slime Pits.
 17426 | Lair:5   | Noticed Urug
 17439 | Lair:5   | Killed Urug
 17744 | Lair:5   | Noticed Kirke
 17788 | Lair:5   | Killed Kirke
 17788 | Lair:5   | Reached skill level 2 in Shields
 18109 | Lair:6   | Entered Level 6 of the Lair of Beasts
 18539 | Lair:6   | Reached skill level 3 in Shields
 18722 | Lair:6   | Gained mutation: You are robust. (+10% HP) [demonic ancestry]
 18722 | Lair:6   | Reached XP level 14. HP: 77/124 MP: 17/21
 18958 | Lair:5   | Reached skill level 5 in Evocations
 19588 | Lair:6   | Reached skill level 4 in Shields
 21098 | Lair:6   | Got a jet-encrusted chain mail
 21118 | Lair:6   | Identified the +1 chain mail of Elyvilon's Whim {rF+ Regen+} (You found it on level 6 of the Lair of Beasts)
 21754 | Swamp:1  | Entered Level 1 of the Swamp
 22456 | D:11     | Reached skill level 5 in Shields
 23653 | D:12     | Gained mutation: You are powered by pain. [demonic ancestry]
 23653 | D:12     | Reached XP level 15. HP: 122/133 MP: 20/22
 24462 | D:13     | Reached skill level 6 in Shields
 24702 | D:13     | Found a gate to the Vaults.
 24961 | D:14     | Found Satitu's Book Boutique.
 25226 | D:14     | Reached skill level 7 in Shields
 25321 | D:14     | Noticed Snorg
 25346 | D:14     | Killed Snorg
 25463 | D:14     | Noticed Josephine
 25476 | D:14     | Killed Josephine
 25824 | D:15     | Entered Level 15 of the Dungeon
 26161 | D:14     | Reached skill level 8 in Shields
 26537 | D:15     | Gained mutation: You have claws for feet. [demonic ancestry]
 26537 | D:15     | Reached XP level 16. HP: 129/141 MP: 21/23
 26570 | D:15     | Reached skill level 10 in Dodging
 26799 | D:15     | Found a staircase to the Depths.
 27506 | D:10     | You fall through a shaft for 3 floors!
 27687 | Orc:1    | Entered Level 1 of the Orcish Mines
 27817 | Orc:2    | Entered Level 2 of the Orcish Mines
 28560 | Orc:2    | Reached skill level 9 in Shields
 28652 | Orc:2    | Found a staircase to the Elven Halls.
 28737 | Orc:2    | Found Jaufap's Armour Boutique.
 28737 | Orc:2    | Found Qengahuo's General Store.
 28738 | Orc:2    | Found Afrutteh's Antique Weapon Emporium.
 28738 | Orc:2    | Found Emegeggo's Antique Weapon Boutique.
 28756 | Orc:2    | Bought a bloodstained scimitar for 261 gold pieces
 28760 | Orc:2    | Identified the +6 scimitar of Monunkyu {slice, Dex+4} (You bought it in a shop on level 2 of the Orcish Mines)
 28769 | Orc:2    | Bought the +2 scale mail of Card Tricks {rPois rC+} for 450 gold pieces
 29245 | Spider:1 | Entered Level 1 of the Spider Nest
 29557 | Spider:1 | Learned a level 3 spell: Regeneration
 29560 | Spider:1 | Learned a level 2 spell: Song of Slaying
 29754 | Spider:1 | Reached skill level 15 in Long Blades
 30122 | Spider:1 | Noticed Frances
 30131 | Spider:1 | Killed Frances
 30131 | Spider:1 | Reached skill level 10 in Evocations
 31131 | Spider:2 | Noticed Azrael
 31140 | Spider:2 | Killed Azrael
 31669 | Spider:2 | Reached skill level 10 in Shields
 32291 | Spider:2 | Reached XP level 17. HP: 129/150 MP: 20/24
 33682 | Spider:3 | Noticed Mara
 33849 | Spider:3 | Noticed Dawnplanks's illusion
 33934 | Spider:3 | Noticed Dawnplanks's illusion
 34091 | Spider:3 | Noticed Dawnplanks's illusion
 34349 | Spider:3 | Noticed Dawnplanks's illusion
 34417 | Spider:2 | Noticed Dawnplanks's illusion
 34468 | Spider:2 | Killed Mara
 34720 | Spider:3 | Noticed Arachne
 34739 | Spider:3 | Killed Arachne
 35101 | Spider:3 | Noticed Louise
 35173 | Spider:3 | Killed Louise
 35887 | Spider:3 | Identified a scroll of acquirement
 36180 | Spider:4 | Entered Level 4 of the Spider Nest
 36212 | Spider:4 | Noticed Jorgrun
 36396 | Spider:4 | Reached skill level 11 in Shields
 36602 | Spider:3 | Upgraded the game from 0.21-a0-508-gf08a75f to 0.21-a0-509-gecc5317
 38490 | Spider:4 | Killed Jorgrun
 38490 | Spider:4 | Paralysed by a hornet for 2 turns
 38512 | Spider:4 | Paralysed by a hornet for 1 turns
 39903 | Spider:4 | Got a gossamer rune of Zot
 40067 | Spider:4 | Got a scorched scale mail
 40078 | Spider:4 | Identified the +3 scale mail "Aloez" {*Contam Dex+2 Stlth+} (You found it on level 4 of the Spider Nest)
 40109 | Spider:3 | Gained mutation: You tend to lose your temper in combat. [mutagenic glow]
 40347 | D:3      | Killed Grinder
 40478 | Temple   | Entered the Ecumenical Temple
 41473 | Swamp:1  | Reached skill level 12 in Shields
 41872 | Swamp:2  | Noticed Ultraviolent4's ghost (journeyman MiTm)
 41880 | Swamp:2  | Reached XP level 18. HP: 160/160 MP: 26/26
 41944 | Swamp:2  | Killed Ultraviolent4's ghost
 43080 | Swamp:3  | Reached skill level 10 in Armour
 43376 | Swamp:3  | Found a frozen archway.
 43385 | IceCv    | Entered an ice cave
 44834 | IceCv    | Got a pair of bloodstained boots
 45425 | Swamp:4  | Entered Level 4 of the Swamp
 45971 | Swamp:4  | HP: 6/161 [eight-headed hydra (11)]
 46036 | Swamp:4  | HP: 6/161 [seven-headed hydra (7)]
 46036 | Swamp:4  | HP: 2/161 [seven-headed hydra (4)]
 46050 | Swamp:3  | HP: 8/161 [seven-headed hydra (6)]
 46670 | Swamp:3  | Reached skill level 13 in Shields
 47455 | Swamp:4  | Got a decaying rune of Zot
 48259 | Vaults:1 | Entered Level 1 of the Vaults
 48500 | Vaults:1 | Got a bone dire flail
 48506 | Vaults:1 | Identified the +8 dire flail "Girchudweg" {flame, Str+2 Int+5} (You found it on level 1 of the Vaults)
 49135 | Vaults:1 | Reached XP level 19. HP: 160/168 MP: 23/28
 49262 | Vaults:1 | Got a smoking chain mail
 49273 | Vaults:1 | Identified the +3 chain mail of Relativism {rF- MR+ Str+3} (You found it on level 1 of the Vaults)
 49826 | Vaults:1 | Found a portal to a secret trove of treasure.
 49867 | Vaults:1 | Found Atzufogh's General Store.
 50295 | Vaults:2 | Paralysed by an ogre mage for 4 turns
 50359 | Vaults:2 | Reached skill level 14 in Shields
 50438 | Vaults:2 | Reached skill level 15 in Fighting
 50677 | Vaults:2 | Paralysed by an ogre mage for 2 turns
 51949 | Vaults:2 | Found Xutou's Weapon Shop.
 52284 | Vaults:2 | Found a staircase to the Crypt.
 52568 | Vaults:3 | Paralysed by a sphinx for 6 turns
 52814 | Vaults:3 | Gained mutation: You are very robust. (+20% HP) [demonic ancestry]
 52814 | Vaults:3 | Reached XP level 20. HP: 170/195 MP: 30/30
 52862 | Vaults:3 | Identified the Grimoire of Enchantment
 53085 | Vaults:3 | Identified Sif Muna's Grimoire of Flames
 53091 | Vaults:3 | Got a brightly glowing plate armour
 53121 | Vaults:3 | Identified the cursed +1 plate armour "Necu" {rN+} (You found it on level 3 of the Vaults)
 53191 | Vaults:3 | Reached skill level 1 in Necromancy
 53213 | Vaults:3 | Reached skill level 15 in Shields
 53242 | Vaults:3 | Reached skill level 1 in Charms
 55010 | Vaults:4 | Found Hehupeo's Armour Boutique.
 55049 | Vaults:4 | Found a magical portal.
 55056 | WizLab   | Entered The Chambers of the Cloud Mage
 55704 | WizLab   | Paralysed by you for 7 turns
 55713 | WizLab   | Reached skill level 5 in Necromancy
 56355 | WizLab   | Reached skill level 1 in Spellcasting
 56466 | WizLab   | Identified the Disquisition on Weightlessness
 56507 | WizLab   | Identified a +9 quick blade of distortion (a +7 quick blade corrupted by Lugonu)
 56507 | WizLab   | Received a gift from Lugonu
 57096 | Vaults:4 | Reached skill level 1 in Short Blades
 57096 | Vaults:4 | Gained mutation: When seriously injured, your bleeding wounds create very thick armour. (AC +12) [demonic ancestry]
 57096 | Vaults:4 | Reached XP level 21. HP: 187/200 MP: 31/31
 58423 | Elf:1    | Entered Level 1 of the Elven Halls
 58510 | Elf:1    | Reached skill level 16 in Shields
 58889 | Elf:1    | Noticed Donald
 58921 | Elf:1    | Killed Donald
 59622 | Elf:2    | Noticed Saint Roka
 59772 | Elf:2    | Got a heavily runed silver ring
 59774 | Elf:2    | Identified the ring "Joskim" {Fire -Tele MR+ Str+4 Int+4} (You found it on level 2 of the Elven Halls)
 59818 | Elf:2    | Found a huge runed gate.
 59818 | Elf:2    | Found a huge runed gate.
 59818 | Elf:2    | Found a huge runed gate.
 59825 | Elf:2    | Found a huge runed gate.
 59826 | Elf:2    | Found a huge runed gate.
 60540 | Elf:2    | Noticed Nikola
 60574 | Elf:2    | Killed Saint Roka
 60632 | Elf:2    | Killed Nikola
 60981 | Elf:3    | Entered Level 3 of the Elven Halls
 61500 | Elf:3    | Reached skill level 15 in Evocations
 61573 | Elf:3    | Cast into level 3 of the Abyss (a deep elf sorcerer)
 61573 | Abyss:3  | Found a corrupted altar of Lugonu.
 61584 | Abyss:3  | Gained mutation: Your skin changes colour to match your surroundings (Stealth+). [a neqoxec]
 61585 | Abyss:3  | Gained mutation: You are clumsy. (Dex -2) [a neqoxec]
 61623 | Abyss:3  | Lost mutation: You tend to lose your temper in combat. [potion of mutation]
 61623 | Abyss:3  | Lost mutation: You are clumsy. (Dex -2) [potion of mutation]
 61623 | Abyss:3  | Gained mutation: Scrolls take you a little longer to read. [potion of mutation]
 61623 | Abyss:3  | Gained mutation: You have an increased reservoir of magic. (+10% MP) [potion of mutation]
 61623 | Abyss:3  | Gained mutation: Your system is resistant to poisons. (rPois) [potion of mutation]
 61624 | Elf:3    | Escaped the Abyss
 61627 | Elf:3    | Reached skill level 5 in Short Blades
 61991 | Elf:3    | Escaped the Abyss
 62140 | Elf:3    | Gained mutation: You regenerate magic rapidly. [demonic ancestry]
 62140 | Elf:3    | Reached XP level 22. HP: 183/213 MP: 34/36
 62171 | Elf:3    | Reached skill level 5 in Spellcasting
 62350 | Elf:3    | Got a spiked ring mail
 62361 | Elf:3    | Identified the cursed +0 ring mail of the True Pharaoh {+Blink} (You found it on level 3 of the Elven Halls)
 64728 | Vaults:5 | Entered Level 5 of the Vaults
 64891 | Vaults:4 | Reached skill level 17 in Shields
 65113 | Vaults:5 | Gained mutation: You have a pair of small horns on your head. [a shining eye]
 65114 | Vaults:5 | Gained mutation: Potions are less effective at restoring your health. [a shining eye]
 65148 | Abyss:1  | HP: 10/214 [wretched star/orb of energy (1)]
 65173 | Abyss:1  | HP: 5/214 [deep elf high priest/damnation (13)]
 65176 | Abyss:1  | Killed from afar by a deep elf high priest

Vault maps used:
D:1:      dpeg_arrival_castle
D:2:      minmay_hedge_maze
D:3:      serial_curves, eino_curves_01, eino_curves_03, eino_curves_02,
          eino_curves_04, uniq_grinder
D:4:      minmay_temple_entry_statues_pillars, cheibrodos_sewer_entry_drain,
          first_bread
D:5:      nemelex_xobeh_ov_fountains_minmay, lemuel_tele_altar
D:6:      old_standard_altar, minmay_misc_feat_encased
D:7:      fedhas_altar_4
D:8:      nicolae_whirlpool, yredelemnul_forgotten_temple_becter,
          marbit_many_paths, lemuel_crystal_altar, david_lair_shrubbed,
          serial_shops, shop
D:9:      kennysheep_steamy, grunt_temple_overflow_open
D:10:     orc_0_dummy, serial_shops, shop_fountains
D:11:     hangedman_stone_soup, minmay_misc_feat_enclosed
D:12:     hangedman_decor_diamond_cutter
D:13:     lightli_vaults_fourway_checkpoint
D:14:     kennysheep_cluttered_room, serial_shops, shop, stair_cage_line,
          uniq_snorg, uniq_josephine
D:15:     hangedman_depths_entry_try_elsewhere_first, nrook_pool_corridor,
          minmay_misc_feat_room
Temple:   dpeg_chambers_temple
Lair:1:   uniq_erica
Lair:2:   minmay_lair_oklob_tunnel, spider_nest_entry_rubble,
          grunt_forest_small_clearings, serial_bayou_lagoon_b,
          serial_bayou_shore_a
Lair:3:   minmay_swamp_entry_worms
Lair:4:   regret_index_tunnel_blossom, st_stairs_11
Lair:5:   minmay_slime_entry_oklob_open, grunt_megastairs_3,
          lemuel_fruit_fields, uniq_kirke, uniq_rupert, uniq_urug
Lair:6:   minmay_lair_end_frog_pond
Swamp:1:  evilmike_swamp_ruin_house_5, infiniplex_staircase_pool
Swamp:2:  nicolae_swamp_trees_clearing
Swamp:3:  portal_ice_cave_entry_ugly_swarm, evilmike_swamp_ruin_house_1,
          swamp_pool4
Swamp:4:  swamp
Spider:1: nicolae_spider_nook, uniq_frances
Spider:2: uniq_azrael
Spider:3: uniq_louise, uniq_arachne, uniq_mara
Spider:4: guppyfry_spider_rune, spider_trap, uniq_jorgrun
Orc:2:    st_orc_ogre_mass
Elf:1:    eino_elf_arrival_shootout, hangedman_corner_corridor, uniq_donald
Elf:2:    uniq_nikola, uniq_saint_roka
Elf:3:    minmay_elf_hall_not_hex
Vaults:1: nicolae_vaults_sealed_display, v_misc_30, vaults_dpeg_diagonal,
          nicolae_vaults_shelves_hall, vaults_room_stairs_pillars,
          vaults_room_stairs_pillars, hangedman_vaults_maws,
          nicolae_trove_entry_free_sample, serial_shops, shop
Vaults:2: vaults_room_octagon, minmay_crypt_entry_vampire_xt, st_lattice,
          nicolae_vaults_diagonal_hallway_9, nicolae_vaults_little_squares_1,
          v_alt_pattern_2, nicolae_vaults_border_crossing,
          dpeg_vaults_monster_box, dpeg_vaults_monster_row, vaults_mumra_lcd
Vaults:3: v_misc_8, vaults_room_fours, nicolae_vaults_murderbox,
          ontoclasm_vaults_ring_large, v_misc_1, vaults_room_pool,
          ontoclasm_vaults_idyll, ontoclasm_vaults_ring_square,
          ontoclasm_vaults_tryst, v_misc_11, serial_hangedman_research,
          hangedman_research_probablistics, hangedman_research_pyrotechnics
Vaults:4: hangedman_vaults_nails, vaults_mumra_chevron_long, st_smaller_cells,
          ontoclasm_vaults_ring_large, vaults_dpeg_encased_lava,
          v_alt_pattern_1, nicolae_vaults_asterisk,
          ontoclasm_vaults_ring_square, hangedman_vaults_stream,
          nicolae_vaults_theta, ontoclasm_vaults_ligature,
          vaults_room_door_hall, mu_enter_wizlab_6, serial_shops, shop
Abyss:1:  gammafunk_abyss_exit_x_factor, bh_abyss_exit_spiral
Abyss:3:  evilmike_abyss_exit_12, doesnt_abyss_rune_brain_food,
          hangedman_abyss_mock_shop
Sewer:    kennysheep_pipe_town
IceCv:    ice_cave_caverns_01
WizLab:   wizlab_cloud

Skill      XL: |  1  2  3  4  5  6  7  8  9 10 11 12 13 14 15 16 17 18 19 20 21 22 |
---------------+-------------------------------------------------------------------+-----
Maces & Flails | 2 4 5 |  5.2
Armour         | 2 3 4 5 6 7 8 9 10 11 12 | 12.0
Dodging        | 1 2 3 4 5 6 7 8 9 10 11 12 | 12.0
Fighting       | 4 5 6 7 9 10 11 12 13 14 15 16 | 16.4
Long Blades    | 2 6 8 10 11 12 13 14 15 16 | 16.4
Invocations    | 4 7 9 10 | 10.0
Evocations     | 4 7 9 10 11 12 13 14 15 | 15.4
Shields        | 3 5 8 10 12 13 14 15 16 17 | 17.2
Necromancy     | 5 |  5.0
Charms         | 4 |  4.0
Spellcasting   | 1 4 5 |  5.0
Short Blades   | 1 5 7 |  7.1

Action                   |  1- 3 |  4- 6 |  7- 9 | 10-12 | 13-15 | 16-18 | 19-21 | 22-24 || total
-------------------------+-------+-------+-------+-------+-------+-------+-------+-------++-------
Melee: Mace              |   114 |   146 |    44 |       |       |       |       |       ||   304
       Kick              |    12 |    29 |   104 |   259 |   606 |  1020 |  1171 |   140 ||  3341
       Falchion          |       |       |   295 |   115 |       |       |       |       ||   410
       Scimitar          |       |       |       |   578 |  1569 |  2270 |  1322 |       ||  5739
       Unarmed           |       |       |       |       |    19 |       |     5 |       ||    24
       Long sword        |       |       |       |       |       |    27 |     2 |       ||    29
       Dire flail        |       |       |       |       |       |     4 |       |       ||     4
       Quick blade       |       |       |       |       |       |       |  1163 |   361 ||  1524
       Headbutt          |       |       |       |       |       |       |       |    13 ||    13
Throw: Stone             |       |       |    81 |    20 |       |       |       |       ||   101
       Tomahawk          |       |       |       |     1 |       |       |       |       ||     1
Invok: Depart the Abyss  |     1 |       |       |       |       |       |     2 |       ||     3
       Bend Space        |       |     1 |       |     1 |     1 |       |     2 |       ||     5
       Banish            |       |       |       |       |       |       |     2 |       ||     2
       Brand Weapon With |       |       |       |       |       |       |     1 |       ||     1
       Enter the Abyss   |       |       |       |       |       |       |     1 |     1 ||     2
Evoke: Wand              |       |       |       |     3 |     3 |     4 |    15 |       ||    25
       Lightning rod     |       |       |       |       |     6 |     1 |       |       ||     7
       Box of beasts     |       |       |       |       |       |       |     4 |       ||     4
       Sack of spiders   |       |       |       |       |       |       |     1 |       ||     1
  Use: Potion            |       |     1 |       |     1 |    11 |    13 |    17 |     4 ||    47
       Scroll            |       |     5 |     4 |     6 |     8 |    22 |     6 |     3 ||    54
 Stab: Sleeping          |     1 |     2 |     7 |     1 |       |       |       |       ||    11
       Distracted        |       |       |       |       |       |     1 |       |       ||     1
       Paralysed         |       |       |       |       |       |       |     3 |       ||     3
       Petrified         |       |       |       |       |       |       |     2 |       ||     2
       Petrifying        |       |       |       |       |       |       |     1 |       ||     1
  Eat: Chunk             |     1 |     2 |    10 |    24 |    37 |    22 |    35 |     5 ||   136
       Bread ration      |       |     1 |     2 |       |       |     7 |     2 |       ||    12
       Royal jelly       |       |       |     1 |       |       |       |       |       ||     1
       Fruit             |       |       |       |       |     1 |    26 |     3 |     5 ||    35
Armor: Leather armour    |    29 |    36 |    65 |   117 |   108 |     7 |       |       ||   362
       Skin              |       |       |       |       |    14 |       |     1 |       ||    15
       Chain mail        |       |       |       |       |   348 |    69 |   373 |    75 ||   865
       Scale mail        |       |       |       |       |       |   779 |       |       ||   779
Dodge: Dodged            |    74 |    80 |   174 |   495 |   946 |  1352 |   554 |    82 ||  3757
Block: Other             |     7 |    19 |    44 |    73 |    16 |     3 |       |       ||   162
       Reflection        |     1 |       |     1 |       |    30 |    61 |   168 |    16 ||   277
       Buckler           |       |       |       |       |   266 |       |       |       ||   266
       Shield            |       |       |       |       |   600 |   855 |       |       ||  1455
       Large shield      |       |       |       |       |       |  2126 |  2145 |   347 ||  4618
       Rpst.: Falchion   |       |       |    65 |    26 |       |       |       |       ||    91
       Scimitar          |       |       |       |   103 |   219 |   220 |    62 |       ||   604
       Long sword        |       |       |       |       |       |     1 |       |       ||     1

Table legend:
 A = Spawn XP
 B = Non-spawn XP
 C = Spawn XP percentage of total XP
 D = Spawn monster count
 E = Non-spawn monster count
 F = Spawn count percentage of total count
 G = Total turns spent on level
                    A         B        C        D         E        F      G
               +---------+---------+-------+---------+---------+-------+---------
         Total |    3369 |  756560 |   0.4 |      12 |    1784 |   0.7 | 65176
               +---------+---------+-------+---------+---------+-------+---------
           D:1 |       0 |      45 |   0.0 |       0 |      21 |   0.0 |   894
           D:2 |       0 |      80 |   0.0 |       0 |      16 |   0.0 |  1168
           D:3 |       0 |     327 |   0.0 |       0 |      17 |   0.0 |   762
           D:4 |       0 |     627 |   0.0 |       0 |      19 |   0.0 |  1826
           D:5 |       0 |     568 |   0.0 |       0 |      16 |   0.0 |   926
           D:6 |       0 |     487 |   0.0 |       0 |      11 |   0.0 |   782
           D:7 |       0 |    1322 |   0.0 |       0 |      10 |   0.0 |  1273
           D:8 |       0 |    6446 |   0.0 |       0 |      54 |   0.0 |  2506
           D:9 |       0 |    3688 |   0.0 |       0 |      22 |   0.0 |   915
          D:10 |       0 |    1204 |   0.0 |       0 |      16 |   0.0 |  1287
          D:11 |       0 |    7554 |   0.0 |       0 |      44 |   0.0 |  1057
          D:12 |       0 |    6777 |   0.0 |       0 |      45 |   0.0 |  1069
          D:13 |       0 |   17048 |   0.0 |       0 |      45 |   0.0 |   906
          D:14 |       0 |   21065 |   0.0 |       0 |      64 |   0.0 |  1320
          D:15 |       0 |   12312 |   0.0 |       0 |      32 |   0.0 |   830
        Lair:1 |       0 |    3491 |   0.0 |       0 |      14 |   0.0 |  1327
        Lair:2 |       0 |    6844 |   0.0 |       0 |      32 |   0.0 |  1826
        Lair:3 |       0 |    3720 |   0.0 |       0 |      15 |   0.0 |  1095
        Lair:4 |       0 |   15757 |   0.0 |       0 |      69 |   0.0 |  1707
        Lair:5 |       0 |   21886 |   0.0 |       0 |      61 |   0.0 |  2568
        Lair:6 |       0 |   23208 |   0.0 |       0 |      78 |   0.0 |  2222
       Swamp:1 |       0 |    6937 |   0.0 |       0 |      21 |   0.0 |   925
       Swamp:2 |       0 |    8559 |   0.0 |       0 |      26 |   0.0 |  1477
       Swamp:3 |       0 |   26446 |   0.0 |       0 |      48 |   0.0 |  2006
       Swamp:4 |       0 |   20281 |   0.0 |       0 |      43 |   0.0 |  1141
      Spider:1 |       0 |   21948 |   0.0 |       0 |      63 |   0.0 |  2438
      Spider:2 |       0 |   28778 |   0.0 |       0 |      56 |   0.0 |  2608
      Spider:3 |       0 |   22101 |   0.0 |       0 |      47 |   0.0 |  3443
      Spider:4 |       0 |   32343 |   0.0 |       0 |      55 |   0.0 |  2436
         Orc:1 |       0 |    3400 |   0.0 |       0 |      14 |   0.0 |   679
         Orc:2 |       0 |   18385 |   0.0 |       0 |      62 |   0.0 |   935
         Elf:1 |       0 |   32418 |   0.0 |       0 |      49 |   0.0 |  1262
         Elf:2 |       0 |   31471 |   0.0 |       0 |      58 |   0.0 |  1537
         Elf:3 |       0 |   61893 |   0.0 |       0 |      54 |   0.0 |  1943
      Vaults:1 |       0 |   31853 |   0.0 |       0 |      66 |   0.0 |  2294
      Vaults:2 |       0 |   78472 |   0.0 |       0 |      97 |   0.0 |  2465
      Vaults:3 |       0 |   66885 |   0.0 |       0 |      92 |   0.0 |  2322
      Vaults:4 |       0 |   70065 |   0.0 |       0 |     108 |   0.0 |  2582
      Vaults:5 |       0 |    5047 |   0.0 |       0 |       3 |   0.0 |    53
       Abyss:1 |    3180 |    1958 |  61.9 |      11 |       2 |  84.6 |   368
       Abyss:3 |     189 |       0 | 100.0 |       1 |       0 | 100.0 |    51
         Sewer |       0 |     532 |   0.0 |       0 |      24 |   0.0 |   675
         IceCv |       0 |   10724 |   0.0 |       0 |      60 |   0.0 |  1496
        WizLab |       0 |   21608 |   0.0 |       0 |      35 |   0.0 |  1571
               +---------+---------+-------+---------+---------+-------+---------
